 Dungeon Crawl Stone Soup version 0.23.2-33-g5129a83184 (webtiles) character file.

Game seed: 11761964999834361461

33 troglodite the Shield-Bearer (level 3, -1/35 HPs)
             Began as a Gnoll Fighter on July 22, 2019.
             Slain by a sky beast (5 damage)
             ... on level 2 of the Dungeon.
             The game lasted 00:01:50 (643 turns).

troglodite the Shield-Bearer (Gnoll Fighter)         Turns: 643, Time: 00:01:51

Health: -1/35      AC:  7    Str: 18    XL:     3   Next: 29%
Magic:  4/4        EV:  8    Int: 10    God:
Gold:   49         SH: 10    Dex: 15    Spells: 3/3 levels left

rFire    x . .     SeeInvis .   a - +0 long sword
rCold    + . .     Gourm    .   c - +0 shield
rNeg     . . .     Faith    .   b - +0 scale mail
rPois    .         Spirit   .   (no helmet)
rElec    .         Reflect  .   (no cloak)
rCorr    .         Harm     .   (no gloves)
MR       .....                  (no boots)
Stlth    ..........             (no amulet)
HPRegen  0.11/turn              e - ring of ice
MPRegen  0.09/turn              k - ring of attention (curse)

@: no status effects
A: distributed training, fangs 1, strong nose
a: no special abilities


You were on level 2 of the Dungeon.
You were not hungry.

You visited 1 branch of the dungeon, and saw 2 of its levels.

You collected 49 gold pieces.

Inventory:

Hand Weapons
 a - a +0 long sword (weapon)
Armour
 b - a +0 scale mail (worn)
 c - a +0 shield (worn)
Jewellery
 e - a ring of ice (left hand)
 k - a cursed ring of attention (right hand)
Scrolls
 h - a scroll of blinking {unknown}
 i - 4 scrolls of remove curse {unknown}
 j - a scroll of enchant weapon {unknown}
 l - a scroll of enchant armour {unknown}
 m - 2 scrolls of immolation {unknown}
 n - a scroll of magic mapping {unknown}
Potions
 d - a potion of might
 o - a potion of curing {unknown}
 p - 2 potions of brilliance {unknown}
Comestibles
 f - 2 rations


   Skills:
 + Level 6.5 Fighting
 + Level 0.7 Short Blades
 + Level 4.5 Long Blades
 + Level 0.7 Axes
 + Level 0.7 Maces & Flails
 + Level 0.7 Polearms
 + Level 0.7 Staves
 + Level 0.7 Slings
 + Level 0.7 Bows
 + Level 0.7 Crossbows
 + Level 0.7 Throwing
 + Level 6.5 Armour
 + Level 0.7 Dodging
 + Level 0.7 Stealth
 + Level 6.5 Shields
 + Level 0.7 Unarmed Combat
 + Level 0.7 Spellcasting
 + Level 0.5 Conjurations
 + Level 0.5 Hexes
 + Level 0.5 Charms
 + Level 0.5 Summonings
 + Level 0.5 Necromancy
 + Level 0.5 Translocations
 + Level 0.5 Transmutations
 + Level 0.5 Fire Magic
 + Level 0.5 Ice Magic
 + Level 0.5 Air Magic
 + Level 0.5 Earth Magic
 + Level 0.5 Poison Magic
 + Level 0.9 Invocations
 + Level 0.7 Evocations


You had 3 spell levels left.
You didn't know any spells.
Your spell library was empty.

Dungeon Overview and Level Annotations

Branches:
Dungeon (2/15)

Altars:


Innate Abilities, Weirdness & Mutations

Your experience applies equally to all skills.
You have very sharp teeth.
Your uncanny sense of smell can sniff out nearby items.


Message History

You closely miss something. Something hits you but does no damage.
You miss something. Something hits you. Something shocks you.
You block something's attack.
You closely miss something. Something hits you.
* * * LOW HITPOINT WARNING * * *
Something shocks you.
* * * LOW HITPOINT WARNING * * *
You barely miss something. You block something's attack.
You closely miss something. Your bite misses something.
You block something's attack.
You slash something! You block something's attack.
Something hits you but does no damage.
Unknown command.
You slash something! Your bite misses something.
Something hits you but does no damage.
You hit something. You bite something. Something hits you but does no damage.
You barely miss something. Your bite misses something. Something hits you.
* * * LOW HITPOINT WARNING * * *
Something shocks you.
You die...

##.....##.....#
##..............
#...............
#........$......
#...............
#...............
#........{?.....
#.......@)......
##...<..........
##.....##......
####### ###.#.
.. .


There were no monsters in sight!

Vanquished Creatures
  An adder (D:2)
  An ooze (D:1)
  A leopard gecko (D:1)
  A ball python (D:1)
  5 bats
  3 hobgoblins (D:1)
  4 frilled lizards (D:1)
  4 rats (D:1)
20 creatures vanquished.

Notes
Turn   | Place    | Note
-------+----------+-------------------------------------------
     0 | D:1      | troglodite the Gnoll Fighter began the quest for the Orb.
     0 | D:1      | Reached XP level 1. HP: 23/23 MP: 1/1
    78 | D:1      | Reached XP level 2. HP: 29/29 MP: 2/2
   459 | D:1      | Reached XP level 3. HP: 35/35 MP: 3/3
   625 | D:2      | Noticed a sky beast
   643 | D:2      | Slain by a sky beast

Action                   || total
-------------------------++-------
Melee: Long sword        ||    58
       Bite              ||     4
Armor: Scale mail        ||    24
Dodge: Dodged            ||    12
Block: Shield            ||    43
       Rpst.: Long sword ||     4
